AoeStats
← Kubya

Arena

509116619Analyzed
1v1 RM · 7d ago on Sep 25, 2026· 108m 20s· 2 players
Game mode
Random Map
Map size
Tiny (2 player)
Population
200
Speed
Normal
Resources
Standard
Victory
Conquest
Starting age
Dark Age
Ending age
Imperial Age
RankedLock teamsTeams togetherTeam positionsShared explorationLock speedFull tech treeHidden civsTurbo modeCheats
Victory
Defeat
🇨🇦 Wei · Canada
1536
+17
🇸🇪 Ethiopians · Sweden
1547
-17
Trollexander_the_Great
8:55 Feudal Age
9:25 Double-Bit Axe
9:22 Horse Collar
9:35 Gold Mining
10:33 Stone Mining
17:34 Castle Age
17:23 Wheelbarrow
19:23 Bow Saw
20:03 Loom
23:14 Hand Cart
24:36 Heavy Plow
25:31 Town Watch
29:48 Imperial Age
27:39 Forging
28:56 Tuntian
29:14 Fletching
29:44 Padded Archer Armor
29:57 Bodkin Arrow
30:45 Bloodlines
30:36 Husbandry
31:43 Chemistry
31:08 Conscription
31:31 Bracer
31:51 Thumb Ring
32:42 Leather Archer Armor
34:06 Ring Archer Armor
34:58 Parthian Tactics
37:28 Light Cavalry
38:46 Iron Casting
38:17 Scale Barding Armor
38:16 Hussar
38:57 Husbandry
39:27 Ming Guang Armor
39:35 Masonry
39:46 Ballistics
42:52 Blast Furnace
45:02 Chain Barding Armor
45:34 Murder Holes
82:49 Hoardings
100:24 Heavy Scorpion
Kubya
6:42 Loom
7:54 Loom
10:51 Feudal Age
12:06 Town Watch
14:57 Castle Age
13:17 Double-Bit Axe
16:47 Horse Collar
19:16 Wheelbarrow
24:16 Bow Saw
24:12 Heavy Plow
25:11 Gold Mining
26:00 Town Patrol
27:45 Squires
30:29 Imperial Age
29:03 Masonry
30:03 Scale Mail Armor
29:54 Fletching
30:04 Padded Archer Armor
31:22 Ballistics
32:38 Two-Man Saw
33:16 Chemistry
32:39 Chain Mail Armor
33:19 Heavy Scorpion
35:56 Siege Engineers
37:25 Elite Shotel Warrior
40:03 Halberdier
42:10 Torsion Engines
44:33 Royal Heirs
45:08 Plate Mail Armor
46:27 Architecture
46:29 Forging
57:44 Iron Casting
60:24 Fletching
61:07 Heavy Camel Rider
61:53 Scale Barding Armor
62:35 Husbandry
63:09 Chain Barding Armor
62:59 Capped Ram
68:23 Bodkin Arrow
71:06 Light Cavalry
76:46 Blast Furnace
78:47 Elite Skirmisher
79:50 Padded Archer Armor
80:32 Bracer
84:29 Leather Archer Armor
84:55 Guilds
89:24 Siege Ram
91:06 Ring Archer Armor
102:48 Crossbowman
103:30 Arbalester
107:35 Thumb Ring
Connection lost

Rejoining the realm…

Still unreachable

The connection could not be restored.

Session expired

The server has moved on; the page needs a fresh start.